 Dungeon Sprint DCSS version 0.30-a0-222-ge547ba4400 (webtiles) character file.

Game seed: 68950321613751679

1233 rocky1 the Basher (level 8, -8/112 HPs)
             Began as a Minotaur Gladiator on Oct 9, 2022.
             Was a Believer of Qazlal.
             Mangled by a boulder beetle (24 damage)
             ... in the Dungeon (Sprint II: "The Violet Keep of Menkaure").
             The game lasted 00:02:14 (477 turns).

rocky1 the Basher (Minotaur Gladiator)               Turns: 477, Time: 00:02:14

Health: -8/112     AC:  3    Str: 20    XL:     8   Next: 24%
Magic:  6/9        EV: 17    Int:  5    God:    Qazlal [**....]
Gold:   486        SH:  2    Dex: 13    Spells: 7/7 levels left

rFire   . . .      SeeInvis .    a - +0 flail
rCold   . . .      Faith    .    (no shield)
rNeg    . . .      Spirit   .    b - +0 leather armour
rPois   .          Reflect  .    c - +0 hat
rElec   .          Harm     .    (no cloak)
rCorr   .          Rampage  .    (no gloves)
Will    .....      NoTele   +    (no boots)
Stlth   ..........               (no amulet)
HPRegen 0.38/turn                (no ring)
MPRegen 0.11/turn                (no ring)

@: berserking (expiring), very quick
A: horns 2, retaliatory headbutt
a: Renounce Religion, Upheaval


You were in the Dungeon.
You worshipped Qazlal.
Qazlal was pleased with you.
You visited 1 branch You collected 486 gold pieces.

Inventory:

Hand Weapons
 a - a +0 flail (weapon)
Missiles
 d - 2 throwing nets (quivered)
 e - a javelin
Armour
 b - a +0 leather armour (worn)
 c - a +0 hat (worn)
Scrolls
 k - a scroll of blinking
Potions
 f - a potion of curing
 g - a potion of heal wounds
 h - a potion of haste
 i - 2 potions of magic


   Skills:
 + Level 8.4 Fighting
 + Level 13.8 Maces & Flails
 - Level 5.2 Throwing
 + Level 3.4 Armour
 + Level 11.7 Dodging
 + Level 1.5 Stealth
 * Level 3.8 Invocations


You had 7 spell levels left.
You didn't know any spells.
Your spell library was empty.

Dungeon Overview and Level Annotations

Branches:
Dungeon (1/1)

Altars:
Cheibriados
Dithmenos
Elyvilon
Fedhas
Gozag
Hepliaklqana
Kikubaaqudgha
Makhleb
Nemelex Xobeh
Okawaru
Qazlal
Ru
Sif Muna
Trog
Uskayaw
Vehumet
Wu Jian
Xom
Yredelemnul
Zin
The Shining One
Jiyva
Lugonu

Shops:
D :?(

Annotations:
D exclusion: orange crystal statue


Innate Abilities, Weirdness & Mutations

You have a pair of horns on your head.
You reflexively headbutt those who attack you in melee.


Message History

The boulder beetle bites you.
You barely miss the boulder beetle. You headbutt the boulder beetle!
The boulder beetle is heavily wounded.
You hit the boulder beetle but do no damage.
The boulder beetle is heavily wounded.
The boulder beetle bites you!
* * * LOW HITPOINT WARNING * * *
You hit the boulder beetle. You headbutt the boulder beetle.
The boulder beetle is severely wounded.
You sock the boulder beetle!
The boulder beetle is almost dead.
The boulder beetle bites you!
* * * LOW HITPOINT WARNING * * *
You sock the boulder beetle!
The boulder beetle is almost dead.
You hit the boulder beetle.
You kill the boulder beetle!
Qazlal accepts your kill.
Your Fighting skill gained 2 levels and is now at level 8!
Your Maces & Flails skill increases to level 13!
Your Armour skill gained 3 levels and is now at level 3!
Your Stealth skill increases to level 1!
Your Invocations skill gained 3 levels and is now at level 3!
You have reached level 8!
You feel agile.
Unknown command.
You hit the boulder beetle but do no damage.
You headbutt the boulder beetle, but do no damage.
You hit the boulder beetle.
You headbutt the boulder beetle, but do no damage.
The boulder beetle is lightly wounded.
The boulder beetle barely misses you. You furiously retaliate!
You headbutt the boulder beetle, but do no damage.
You hit the boulder beetle but do no damage.
The boulder beetle is lightly wounded.
You hit the boulder beetle but do no damage.
You headbutt the boulder beetle!
The boulder beetle is moderately wounded.
The boulder beetle bites you!!
You die...

..#~~~~.##+##..#
..#~~~~## ##.#### +^###
∩.#~~~~ #....# ...#
.∩#~~## ###..## #..#
∩.#~##. #+###.##..#
+..#
..#~#...##.##...#..#
#..# ..'
#'.<.')#.+..####..##
#$..##B##...#....###...
##. ##@###.##......~~~~
# ##†.#####~~.§...~#'#
#..##.#~~§~~~~..~#.. #
##.#.##~§~~~~~~§~#._
#~~##†##§~§≈≈§~~~§~#_.
#~~~~~~~~§§§≈≈§~~~#._
#+++#+++#§≈≈≈§≈≈≈~#..
#≈≈≈≈§ ##≈§≈###≈≈#..
#≈§≈≈≈≈§ #≈§#..


You could see a boulder beetle.

Vanquished Creatures
  A boulder beetle (D)
  A merfolk siren (D)
  Menkaure (D)
  2 water moccasins (D)
  3 worms (D)
8 creatures vanquished.

Notes
Turn   | Place    | Note
-------+----------+-------------------------------------------
     0 | D        | rocky1 the Minotaur Gladiator began the quest for the Orb.
     0 | D        | Reached XP level 1. HP: 18/18 MP: 0/0
     1 | D        | Noticed a merfolk siren
    13 | D        | Killed a merfolk siren
    14 | D        | Reached skill level 5 in Fighting
    14 | D        | Reached skill level 11 in Maces & Flails
    14 | D        | Reached XP level 2. HP: 12/30 MP: 1/1
    14 | D        | Reached XP level 3. HP: 15/37 MP: 2/2
    14 | D        | Reached XP level 4. HP: 18/44 MP: 3/3
    14 | D        | Reached XP level 5. HP: 21/50 MP: 4/4
    14 | D        | Reached XP level 6. HP: 24/57 MP: 5/5
   137 | D        | Found a hazy altar of Hepliaklqana.
   137 | D        | Found a snail-covered altar of Cheibriados.
   138 | D        | Found a stormy altar of Qazlal.
   138 | D        | Found a viscous altar of Jiyva.
   138 | D        | Found a shadowy altar of Dithmenos.
   139 | D        | Found a sacrificial altar of Ru.
   139 | D        | Found an ancient bone altar of Kikubaaqudgha.
   139 | D        | Found a white marble altar of Elyvilon.
   140 | D        | Found an ornate altar of the Wu Jian Council.
   140 | D        | Found a shimmering blue altar of Sif Muna.
   140 | D        | Found a corrupted altar of Lugonu.
   141 | D        | Found a shimmering altar of Xom.
   141 | D        | Found a bloodstained altar of Trog.
   141 | D        | Found a burning altar of Makhleb.
   142 | D        | Found a glowing golden altar of the Shining One.
   142 | D        | Found a basalt altar of Yredelemnul.
   142 | D        | Found a hide-covered altar of Uskayaw.
   144 | D        | Found a glowing silver altar of Zin.
   144 | D        | Found a radiant altar of Vehumet.
   144 | D        | Found a blossoming altar of Fedhas.
   144 | D        | Found a sparkling altar of Nemelex Xobeh.
   145 | D        | Found an opulent altar of Gozag.
   145 | D        | Found an iron altar of Okawaru.
   147 | D        | Noticed a water moccasin
   148 | D        | Became a worshipper of Qazlal Stormbringer
   157 | D        | Killed a water moccasin
   158 | D        | Reached skill level 10 in Dodging
   180 | D        | Noticed a water moccasin
   197 | D        | Killed a water moccasin
   198 | D        | Reached skill level 12 in Maces & Flails
   198 | D        | Reached skill level 5 in Throwing
   198 | D        | Reached XP level 7. HP: 33/64 MP: 6/6
   226 | D        | Noticed Menkaure
   229 | D        | Found Qudemmug's Antique Weapon Shop.
   233 | D        | Killed Menkaure
   233 | D        | Reached * piety under Qazlal
   234 | D        | Found Siurch's Book Boutique.
   234 | D        | Found Ileq's Magic Scroll Shop.
   331 | D        | Noticed an orange crystal statue
   419 | D        | Reached ** piety under Qazlal
   448 | D        | Noticed a boulder beetle
   448 | D        | Noticed a boulder beetle
   473 | D        | Killed a boulder beetle
   474 | D        | Reached skill level 13 in Maces & Flails
   474 | D        | Reached skill level 1 in Stealth
   474 | D        | Reached XP level 8. HP: 15/75 MP: 6/9
   477 | D        | Mangled by a boulder beetle

Illustrated notes

Levels and vault maps discovered:
D:        the_violet_keep_of_menkaure [sprint2_stairs_cluster_1,
          sprint2_shoproom, sprint2_temple, sprint2_basic_supplies,
          sprint2_obstacle_4, sprint2_obstacle_2, sprint2_obstacle_7,
          sprint2_obstacle_6, sprint2_obstacle_5, sprint2_timed_cluster_1,
          sprint2_smallroom_cluster_1, sprint2_smallroom_final_cluster_1,
          sprint2_transparent_cluster_1, sprint2_second_timed_cluster_1,
          sprint2_sniper_area_1, sprint2_heavy_combat_area_1,
          sprint2_mutation_trap_area_1, sprint2_forest_area_1,
          sprint2_light_combat_area_1, sprint2_behind_water_1,
          sprint2_near_end_vault_1]

Skill      XL: |  1  2  3  4  5  6  7 |
---------------+----------------------+-----
Fighting       | 5 6 8 |  8.4
Maces & Flails | 11 12 13 | 13.8
Throwing       | 4 5 |  5.2
Dodging        | 9 10 11 | 11.7
Armour         | 3 |  3.4
Stealth        | 1 |  1.5
Invocations    | 3 |  3.8

Action                   |  1- 3 |  4- 6 |  7- 9 || total
-------------------------+-------+-------+-------++-------
Melee: Flail             |    11 |    20 |    38 ||    69
       Headbutt          |     2 |     2 |    10 ||    14
Throw: Throwing net      |       |     1 |       ||     1
  Use: Potion            |       |       |     1 ||     1
Armor: Leather armour    |       |     2 |     1 ||     3
Dodge: Dodged            |     1 |    13 |     6 ||    20

Table legend: (Time is in decaauts)
 A = Elapsed time spent in this place.
 B = Non-inter-level travel time spent in this place.
 C = Inter-level travel time spent in this place.
 D = Time resting spent in this place.
 E = Time spent auto-exploring this place.
 F = Levels seen in this place.
 G = Mean time per level.
                   A        B        C        D        E       F      G
               +--------+--------+--------+--------+--------+-----+--------+
         Total |    464 |    464 |      0 |    286 |      0 |   1 |  464.0 |
       Dungeon |    464 |    464 |      0 |    286 |      0 |   1 |  464.0 |
               +--------+--------+--------+--------+--------+-----+--------+

Top non-repeatable levels by time:
       D: 464 daAuts
